[Event "FIDE WYCC 2016 U14 boys"]
[Site "Khanty Mansiysk"]
[Date "2016.09.22"]
[Round "1.1"]
[White "Esipenko, Andrey"]
[Black "Ganerdene, Sugar"]
[Result "1-0"]
[ECO "E90"]
[WhiteElo "2490"]
[BlackElo "2056"]
[Annotator "Reinhold Goldau"]
[PlyCount "113"]
[EventDate "2016.09.??"]
[EventType "swiss"]
[EventRounds "11"]
[EventCountry "RUS"]
[SourceTitle "Youth Database"]
[Source "CBase R.Goldau"]
[SourceDate "2000.03.01"]
[TimeControl "40/5400+30:1800+30"]

1. d4 Nf6 2. c4 g6 3. Nc3 Bg7 4. e4 d6 5. Nf3 O-O 6. h3 e5 7. d5 Na6 8. Be3 Nh5 9. g3 Nf6 10. g4 c6 11. Be2 Qe7 12. Nd2 Nc7 13. g5 Nd7 14. h4 cxd5 15.
cxd5 b5 16. a3 a5 17. Nxb5 Nxb5 18. Bxb5 f5 19. f3 Rb8 20. Qe2 Nb6 21. Nb3 Qa7 22. h5 Bd7 23. Bd3 f4 24. Bf2 Rfc8 25. Nd2 Qc7 26. b3 a4 27. b4 Qc3 28. O-O Qc7 29. Bh4 Kf7 30. h6 Bf8 31. Ba6 Re8 32.
Rfc1 Qd8 33. Qh2 Be7 34. Qg2 Na8 35. Be2 Nb6 36. Rc3 Rc8 37.
Rac1 Rxc3 38. Rxc3 Qb8 39. Qf2 Qd8 40. Kf1 Qb8 41. Ke1 Rc8 42.
Rxc8 Nxc8 43. Nc4 Bd8 44. Kd2 Bb5 45. Qg1 Bd7 46. Bf2 Kf8 47.
Bd3 Ke8 48. b5 Qa8 49. Qb1 Qb7 50. b6 Bxg5 51. Na5 Qa8 52. b7 Qb8 53. Nc6 Bxc6 54. dxc6 Bd8 55. bxc8=Q Qxc8 56. Qb5 Bc7 57. Qd5 1-0

[Event "FIDE WYCC 2016 U14 boys"]
[Site "Khanty Mansiysk"]
[Date "2016.09.22"]
[Round "1.2"]
[White "Marchuk, Rostislav"]
[Black "Sargsyan, Shant"]
[Result "1-0"]
[ECO "E14"]
[WhiteElo "2054"]
[BlackElo "2440"]
[Annotator "Reinhold Goldau"]
[PlyCount "57"]
[EventDate "2016.09.??"]
[EventType "swiss"]
[EventRounds "11"]
[EventCountry "RUS"]
[SourceTitle "Youth Database"]
[Source "CBase R.Goldau"]
[SourceDate "2000.03.01"]
[TimeControl "40/5400+30:1800+30"]

1. d4 Nf6 2. Nf3 e6 3. e3 b6 4. Bd3 Bb7 5. O-O c5 6. c4 Be7 7. Nc3 cxd4 8. exd4 d5 9. cxd5 Nxd5 10. Ne5 O-O 11. Qh5 Nf6 12. Qh4 Ne4 13. Qg4 Nxc3 14. bxc3 Bf6 15. Qh3 g6 16. Ng4 Bg7 17. Nh6+ Kh8 18. Ba3 f5 19. Rfe1 Qf6 20. Bxf8 Qxf8 21. Rxe6 Bxh6 22. Rae1 Nd7 23. Re7 Rd8 24. Bc4 Bg7 25. Rf7 Qa3 26. Qh4 Rg8 27. Rxd7 Qxc3 28. Qe7 Be4 29. Qxg7+ 1-0

[Event "FIDE WYCC 2016 U14 boys"]
[Site "Khanty Mansiysk"]
[Date "2016.09.22"]
[Round "1.3"]
[White "Shevchenko, Kirill"]
[Black "Juksta, Karolis"]
[Result "1-0"]
[ECO "C07"]
[WhiteElo "2438"]
[BlackElo "2046"]
[Annotator "Reinhold Goldau"]
[PlyCount "113"]
[EventDate "2016.09.??"]
[EventType "swiss"]
[EventRounds "11"]
[EventCountry "RUS"]
[SourceTitle "Youth Database"]
[Source "CBase R.Goldau"]
[SourceDate "2000.03.01"]
[TimeControl "40/5400+30:1800+30"]

1. e4 e6 2. d4 d5 3. Nd2 c5 4. Ngf3 cxd4 5. Nxd4 Nf6 6. exd5 Nxd5 7. N2f3 Bb4+ 8. Bd2 Bxd2+ 9. Qxd2 O-O 10. O-O-O Nd7 11. Bc4 N7b6 12. Bd3 f6 13. c4 Qc7 14. b3 e5 15. Nb5 Qc5 16. Qc2 Nb4 17. Bxh7+ Kh8 18. Qe4 Bg4 19. Qxg4 Kxh7 20. Qh3+ Kg8 21. Qe6+ Kh7 22. Qh3+ Kg8 23. Qe6+ Kh7 24. a3 Nc6 25. Rd3 Rae8 26. Ng5+ Kg6 27. Ne4 Qxa3+ 28. Nxa3 Rxe6 29. Nc2 Rd8 30. Rxd8 Nxd8 31. Rd1 Nf7 32. c5 Nc8 33. b4 b6 34. Rd7 bxc5 35. Rc7 Nfd6 36. Nxd6 Nxd6 37. bxc5 Nb5 38. Rb7 a6 39. Nb4 Nd4 40. Nd5 Kh6 41. Kb2 a5 42. Rb6 Rxb6+ 43. cxb6 Nc6 44. b7 Nb8 45. Kb3 Kg6 46. Ka4 Kf7 47. Kxa5 Ke6 48. Nc7+ Kd6 49. Na6 Nc6+ 50. Ka4 f5 51. b8=Q+ Nxb8 52. Nxb8 e4 53. Kb3 g5 54. Kc4 Ke5 55. Nc6+ Kf4 56. Kd4 g4 57. Ne7 1-0

[Event "FIDE WYCC 2016 U14 boys"]
[Site "Khanty Mansiysk"]
[Date "2016.09.22"]
[Round "1.4"]
[White "Thilakarathne, G M H."]
[Black "Yakubboev, Nodirbek"]
[Result "0-1"]
[ECO "B12"]
[WhiteElo "2028"]
[BlackElo "2431"]
[Annotator "Reinhold Goldau"]
[PlyCount "76"]
[EventDate "2016.09.??"]
[EventType "swiss"]
[EventRounds "11"]
[EventCountry "RUS"]
[SourceTitle "Youth Database"]
[Source "CBase R.Goldau"]
[SourceDate "2000.03.01"]
[TimeControl "40/5400+30:1800+30"]

1. e4 c6 2. d4 d5 3. e5 Bf5 4. Nf3 e6 5. Be2 Nd7 6. O-O h6 7. Nbd2 Ne7 8.
Nb3 Qc7 9. Bd2 a5 10. a4 g5 11. Ne1 c5 12. Nxc5 Nxc5 13. dxc5 Nc6 14. Bd3 Bxc5 15. Bxf5 exf5 16. Nd3 Bb6 17. Re1 O-O-O 18. c3 Qd7 19. Qb3 Ba7 20. Qb5 f4 21. b4 axb4 22. Nxb4 Nxb4 23. Qxb4 Qc6 24. a5 Rhe8 25. h4 Re6 26. a6 bxa6 27. Rab1 Qb6 28. Qxb6 Bxb6 29. Bc1 Bc7 30. hxg5 hxg5 31. Ba3 Bxe5 32. Rbc1 Kd7 33. Bb4 g4 34. Red1 Kc8 35. Rd3 Bc7 36. Rcd1 Bb6 37. Kf1 Rh8 38. Kg1 g3 0-1

[Event "FIDE WYCC 2016 U14 boys"]
[Site "Khanty Mansiysk"]
[Date "2016.09.24"]
[Round "3.1"]
[White "Esipenko, Andrey"]
[Black "Ibrahimli, Murad"]
[Result "1-0"]
[ECO "B96"]
[WhiteElo "2490"]
[BlackElo "2203"]
[Annotator "Reinhold Goldau"]
[PlyCount "63"]
[EventDate "2016.09.??"]
[EventType "swiss"]
[EventRounds "11"]
[EventCountry "RUS"]
[SourceTitle "Youth Database"]
[Source "CBase R.Goldau"]
[SourceDate "2000.03.01"]
[TimeControl "40/5400+30:1800+30"]

1. e4 c5 2. Nf3 d6 3. d4 cxd4 4. Nxd4 Nf6 5. Nc3 a6 6. Bg5 e6 7. f4 Qc7 8. Qe2 Nc6 9. O-O-O Be7 10. Nxc6 bxc6 11. e5 dxe5 12. fxe5 Nd5 13. Bxe7 Nxc3 14. Qf3 Nxd1 15. Bd6 Qb6 16. Qxd1 a5 17. Qd2 h6 18. Be2 Ba6 19. Bh5 Ra7 20. Qf4 Rg8 21. Qe4 g6 22. Bf3 Bb7 23. Qh4 Qe3+ 24. Kb1 Qg5 25. Qd4 Ra6 26. Rd1 Qd8 27. Qe3 Rh8 28. h4 a4 29. h5 g5 30. Be4 Ra8 31. Qf3 Ra5 32. c4 1-0

[Event "FIDE WYCC 2016 U14 boys"]
[Site "Khanty Mansiysk"]
[Date "2016.09.24"]
[Round "3.2"]
[White "Shevchenko, Kirill"]
[Black "Pitzanti, Matteo"]
[Result "1/2-1/2"]
[ECO "C90"]
[WhiteElo "2438"]
[BlackElo "2175"]
[Annotator "Reinhold Goldau"]
[PlyCount "86"]
[EventDate "2016.09.??"]
[EventType "swiss"]
[EventRounds "11"]
[EventCountry "RUS"]
[SourceTitle "Youth Database"]
[Source "CBase R.Goldau"]
[SourceDate "2000.03.01"]
[TimeControl "40/5400+30:1800+30"]

1. e4 e5 2. Nf3 Nc6 3. Bb5 a6 4. Ba4 Nf6 5. O-O Be7 6. Re1 b5 7. Bb3 d6 8. a4 Bg4 9. c3 O-O 10. h3 Bxf3 11. Qxf3 Na5 12. Bc2 b4 13. d4 c5 14. d5 Nd7 15. Qg4 Kh8 16. Qe2 Bg5 17. Bd2 Bxd2 18.
Nxd2 Qb6 19. Bd3 Rfb8 20. Bc4 Qa7 21. Ra2 Rb6 22. Bd3 Rbb8 23.
h4 Rc8 24. Rc1 bxc3 25. bxc3 Rcb8 26. Nc4 Qc7 27. h5 h6 28. Ne3 c4 29. Bxc4 Nxc4 30. Qxc4 Nc5 31. Nf5 Qd8 32. Re1 Kh7 33. g3 g6 34. Nh4 Qg5 35. hxg6+ fxg6 36. Rae2 Ra7 37. Nf3 Qh5 38. Kg2 Rf7 39. Nh2 Qg5 40. Nf3 Qe7 41. Rh1 Rbf8 42. Ne1 Qa7 43. Rf1 Qd7 1/2-1/2

[Event "FIDE WYCC 2016 U14 boys"]
[Site "Khanty Mansiysk"]
[Date "2016.09.24"]
[Round "3.3"]
[White "Lomasov, Semen"]
[Black "Zhao, Chenxi"]
[Result "1-0"]
[ECO "B48"]
[WhiteElo "2393"]
[BlackElo "2124"]
[Annotator "Reinhold Goldau"]
[PlyCount "55"]
[EventDate "2016.09.??"]
[EventType "swiss"]
[EventRounds "11"]
[EventCountry "RUS"]
[SourceTitle "Youth Database"]
[Source "CBase R.Goldau"]
[SourceDate "2000.03.01"]
[TimeControl "40/5400+30:1800+30"]

1. e4 c5 2. Nf3 e6 3. d4 cxd4 4. Nxd4 Nc6 5. Nc3 Qc7 6. Be3 a6 7. Qf3 Nf6 8. O-O-O Be7 9. Be2 h5 10. Qg3 Qxg3 11. hxg3 Ne5 12. f3 b5 13. g4 Ng6 14. g5 Ng8 15. f4 Bb7 16. Bxh5 b4 17. Nce2 Bc5 18.
f5 Ne5 19. Bf4 g6 20. g4 Bd6 21. fxg6 fxg6 22. Nf5 exf5 23. Rxd6 Nf7 24. Rxg6 Kf8 25. Ng3 fxe4 26. Rf1 Bd5 27. Bd6+ Ke8 28. Rg7 1-0

[Event "FIDE WYCC 2016 U14 boys"]
[Site "Khanty Mansiysk"]
[Date "2016.09.24"]
[Round "3.4"]
[White "Bharambe, Bhavik C"]
[Black "Stoleriu, George"]
[Result "1-0"]
[ECO "A85"]
[WhiteElo "2104"]
[BlackElo "2247"]
[Annotator "Reinhold Goldau"]
[PlyCount "107"]
[EventDate "2016.09.??"]
[EventType "swiss"]
[EventRounds "11"]
[EventCountry "RUS"]
[SourceTitle "Youth Database"]
[Source "CBase R.Goldau"]
[SourceDate "2000.03.01"]
[TimeControl "40/5400+30:1800+30"]

1. d4 e6 2. c4 f5 3. g3 Nf6 4. Bg2 Bb4+ 5. Nc3 O-O 6. Nh3 Qe7 7. Nf4 d6 8. O-O c6 9. Qb3 Bxc3 10. bxc3 Kh8 11. Ba3 Na6 12. Rfd1 Rb8 13. Rab1 Bd7 14. Nd3 Be8 15. c5 d5 16. Bc1 Nh5 17. Qa3 Bg6 18. Rb2 Ra8 19. Ne5 Rfb8 20. h3 Be8 21. g4 Nf6 22. Bf4 Nc7 23. Qa4 Nb5 24. Qc2 fxg4 25. hxg4 Nc7 26. Rdb1 Nb5 27. Rb3 a5 28. a4 Na7 29. Qb2 Qd8 30. Rxb7 Rc8 31. Qb6 Bg6 32. Nxg6+ hxg6 33. Rxa7 Rxa7 34. Qxa7 Nxg4 35. Rb8 Kh7 36.
Rxc8 Qxc8 37. Qxa5 Qf8 38. Bg3 Qf5 39. Bf3 Nf6 40. Qb4 g5 41.
Qb2 g4 42. Bg2 Nh5 43. Be5 g3 44. Bxg3 Nxg3 45. fxg3 Qg5 46. Qb1+ g6 47. Kf2 Qd2 48. Qb4 Qc2 49. a5 Qf5+ 50. Bf3 g5 51. Qb8 g4 52. Qf4 gxf3 53.
Qxf5+ exf5 54. Kxf3 1-0

[Event "FIDE WYCC 2016 U14 girls"]
[Site "Khanty Mansiysk"]
[Date "2016.09.22"]
[Round "1.1"]
[White "Solozhenkina, Elizaveta"]
[Black "Mishra, Anwesha"]
[Result "1-0"]
[ECO "C41"]
[WhiteElo "2320"]
[BlackElo "1819"]
[Annotator "Reinhold Goldau"]
[PlyCount "93"]
[EventDate "2016.09.??"]
[EventType "swiss"]
[EventRounds "11"]
[EventCountry "RUS"]
[SourceTitle "Youth Database"]
[Source "CBase R.Goldau"]
[SourceDate "2000.03.01"]
[TimeControl "40/5400+30:1800+30"]

1. e4 e5 2. Nf3 d6 3. d4 exd4 4. Nxd4 Nf6 5. Nc3 Be7 6. Bf4 O-O 7. Be2 Re8 8. Qd2 Nc6 9. O-O-O Ng4 10. Bxg4 Bxg4 11. f3 Nxd4 12. Qxd4 Be6 13. g4 Bf6 14. Qd2 a5 15. Kb1 Ra6 16. g5 Bxc3 17. Qxc3 Rc6 18. Qd2 Bh3 19. Rhg1 Ra6 20. Qd3 Qc8 21. Bd2 Bd7 22. Bc3 c5 23. h4 b5 24. b3 b4 25. Bb2 Be6 26. c4 a4 27. h5 axb3 28.
axb3 Re7 29. Kc2 Rea7 30. h6 g6 31. Ra1 Rxa1 32. Rxa1 Rxa1 33. Bxa1 Qa6 34. Bb2 f5 35. gxf6 Kf7 36. f4 Qc6 37. Qe2 Qb7 38.
Kd3 Qd7 39. Qf1 Bg4 40. Qa1 Bh5 41. Kd2 Bg4 42. Qa8 Qc8 43.
Qd5+ Qe6 44. Qb7+ Qd7 45. Qb8 Bh5 46. Qh8 Ke6 47. Qg8+ 1-0

[Event "FIDE WYCC 2016 U14 girls"]
[Site "Khanty Mansiysk"]
[Date "2016.09.22"]
[Round "1.2"]
[White "Vanduyfhuys, Daria"]
[Black "Maltsevskaya, Aleksandra"]
[Result "0-1"]
[ECO "E92"]
[WhiteElo "1810"]
[BlackElo "2319"]
[Annotator "Reinhold Goldau"]
[PlyCount "78"]
[EventDate "2016.09.??"]
[EventType "swiss"]
[EventRounds "11"]
[EventCountry "RUS"]
[SourceTitle "Youth Database"]
[Source "CBase R.Goldau"]
[SourceDate "2000.03.01"]
[TimeControl "40/5400+30:1800+30"]

1. d4 Nf6 2. c4 g6 3. Nc3 Bg7 4. e4 d6 5. Nf3 O-O 6. Be2 e5 7. dxe5 dxe5 8.
Qxd8 Rxd8 9. Bg5 Re8 10. Nd5 Nxd5 11. cxd5 c6 12. Bc4 cxd5 13. Bxd5 Nc6 14. O-O-O h6 15. Be3 Nb4 16. Bb3 Be6 17. Bxe6 Rxe6 18. Rd7 b6 19. Kb1 f5 20. Rc1 Na6 21. Rcd1 f4 22. Rd8+ Re8 23. Rxa8 Rxa8 24. Bc1 Nc5 25. Nd2 Rd8 26. f3 Bf8 27. b3 a5 28. Kc2 Nd3 29. Kb1 Nc5 30. Bb2 Bg7 31. Ba3 Ne6 32. Kc1 b5 33.
Nf1 Rc8+ 34. Kb1 a4 35. Rd5 Nd4 36. Nd2 Ne2 37. Bb2 a3 38.
Rxb5 axb2 39. Kxb2 Nd4 0-1

[Event "FIDE WYCC 2016 U14 girls"]
[Site "Khanty Mansiysk"]
[Date "2016.09.22"]
[Round "1.3"]
[White "Antova, Gabriela"]
[Black "Nayberg, Simona"]
[Result "1-0"]
[ECO "D47"]
[WhiteElo "2253"]
[BlackElo "1807"]
[Annotator "Reinhold Goldau"]
[PlyCount "81"]
[EventDate "2016.09.??"]
[EventType "swiss"]
[EventRounds "11"]
[EventCountry "RUS"]
[SourceTitle "Youth Database"]
[Source "CBase R.Goldau"]
[SourceDate "2000.03.01"]
[TimeControl "40/5400+30:1800+30"]

1. d4 d5 2. c4 e6 3. Nf3 Nf6 4. Nc3 c6 5. e3 Nbd7 6. Bd3 dxc4 7. Bxc4 b5 8.
Bd3 b4 9. Nb1 Bd6 10. Nbd2 O-O 11. O-O Bb7 12. e4 Bc7 13. Qe2 c5 14. e5 Nd5 15. Qe4 g6 16. Nc4 cxd4 17. Qxd4 Qe7 18. Bg5 Qc5 19. Qh4 Rfe8 20. Rac1 Qf8 21. Rfe1 Nc5 22. Bb1 b3 23. a3 Nb6 24. Nd4 Nxc4 25. Rxc4 Bb6 26. Rc3 Bd8 27. Rh3 Qg7 28. Nxb3 Nxb3 29. Rxb3 Bd5 30. Rc3 Rb8 31. b4 Bxg5 32. Qxg5 h6 33. Qe3 a6 34. Bd3 Ra8 35. h4 h5 36. Rec1 Qf8 37. Rc7 Reb8 38. Qg5 Rd8 39. Bxg6 Qg7 40. Bxf7+ Kf8 41. Qe7# 1-0

[Event "FIDE WYCC 2016 U14 girls"]
[Site "Khanty Mansiysk"]
[Date "2016.09.22"]
[Round "1.4"]
[White "Nomindalai, Tumurbaatar"]
[Black "Badelka, Olga"]
[Result "0-1"]
[ECO "A45"]
[WhiteElo "1757"]
[BlackElo "2222"]
[Annotator "Reinhold Goldau"]
[PlyCount "69"]
[EventDate "2016.09.??"]
[EventType "swiss"]
[EventRounds "11"]
[EventCountry "RUS"]
[SourceTitle "Youth Database"]
[Source "CBase R.Goldau"]
[SourceDate "2000.03.01"]
[TimeControl "40/5400+30:1800+30"]

1. d4 Nf6 2. Bg5 Ne4 3. Bf4 c5 4. d5 Qb6 5. Bc1 g6 6. f3 Nd6 7. e4 Bg7 8. c3 O-O 9. Bd3 f5 10. exf5 Nxf5 11. Ne2 Nh4 12. Rg1 Qd6 13. Ng3 Qxd5 14. Qe2 e6 15. Na3 Nc6 16. Be3 Ne5 17. Be4 Qd6 18. Qb5 Qe7 19. Qxc5 d6 20. Qa5 d5 21. Bc5 Qg5 22. Bxf8 Bxf8 23. Bc2 Bd7 24. Rd1 d4 25. Nc4 Bb5 26. f4 Nxc4 27. fxg5 Nxa5 28. cxd4 Bb4+ 29. Kf2 Rf8+ 30. Ke3 Nc4+ 31. Ke4 Bc6+ 32. d5 Bxd5+ 33. Rxd5 exd5+ 34. Kxd5 Ne3+ 35. Kd4 0-1

[Event "FIDE WYCC 2016 U14 girls"]
[Site "Khanty Mansiysk"]
[Date "2016.09.24"]
[Round "3.1"]
[White "Solozhenkina, Elizaveta"]
[Black "Ouellet, Maili Jade"]
[Result "1-0"]
[ECO "B41"]
[WhiteElo "2320"]
[BlackElo "1992"]
[Annotator "Reinhold Goldau"]
[PlyCount "81"]
[EventDate "2016.09.??"]
[EventType "swiss"]
[EventRounds "11"]
[EventCountry "RUS"]
[SourceTitle "Youth Database"]
[Source "CBase R.Goldau"]
[SourceDate "2000.03.01"]
[TimeControl "40/5400+30:1800+30"]

1. e4 c5 2. Nf3 e6 3. d4 cxd4 4. Nxd4 a6 5. c4 Nf6 6. Nc3 Qc7 7. Be2 b6 8. O-O Bb7 9. Qd3 d6 10. f4 Nbd7 11. b4 Be7 12. Be3 O-O 13.
Rac1 Rac8 14. g4 Qb8 15. g5 Ne8 16. Bg4 Nc7 17. h4 Rfe8 18.
a3 a5 19. h5 Nf8 20. f5 axb4 21. axb4 d5 22. f6 dxc4 23. Qe2 Bxb4 24. fxg7 Nd7 25. g6 f6 26. Qf2 Bxc3 27. gxh7+ Kxg7 28. Rxc3 Bxe4 29. Qf4 Nd5 30. Qxe4 Qg3+ 31. Kh1 Qh4+ 32. Kg2 Nxc3 33.
Nxe6+ Kh8 34. Qg6 Rxe6 35. Bxe6 Qe4+ 36. Qxe4 Nxe4
37. Bxd7 Rd8 38. Bf5 Ng5 39. Bxb6 Rd6 40. Ra1 Nf7 41. h6 1-0

[Event "FIDE WYCC 2016 U14 girls"]
[Site "Khanty Mansiysk"]
[Date "2016.09.24"]
[Round "3.2"]
[White "Beydullayeva, Govhar"]
[Black "Maltsevskaya, Aleksandra"]
[Result "0-1"]
[ECO "E92"]
[WhiteElo "1994"]
[BlackElo "2319"]
[Annotator "Reinhold Goldau"]
[PlyCount "100"]
[EventDate "2016.09.??"]
[EventType "swiss"]
[EventRounds "11"]
[EventCountry "RUS"]
[SourceTitle "Youth Database"]
[Source "CBase R.Goldau"]
[SourceDate "2000.03.01"]
[TimeControl "40/5400+30:1800+30"]

1. d4 Nf6 2. c4 g6 3. Nc3 Bg7 4. e4 d6 5. Nf3 O-O 6. Be2 e5 7. Be3 Ng4 8. Bg5 f6 9. Bh4 Nc6 10. d5 Ne7 11. Nd2 Nh6 12. f3 c5 13. dxc6 bxc6 14. b4 Be6 15.
Nb3 d5 16. Nc5 Bf7 17. cxd5 cxd5 18. exd5 Nxd5 19. Nxd5 Bxd5 20.
a3 Nf5 21. Bf2 Nd4 22. Rc1 f5 23. O-O Qg5 24. Bxd4 exd4 25. Bd3 Rfe8 26. Qc2 h5 27. Bc4 Bxc4 28. Qxc4+ Kh7 29. f4 Qe7 30. Rfe1 Qxe1+ 31. Rxe1 Rxe1+ 32. Kf2 Rae8 33. Nd7 R1e7 34. Ne5 Bxe5 35. fxe5 Rxe5 36. Qxd4 Re2+ 37. Kf1 Re1+ 38.
Kf2 R8e2+ 39. Kf3 Re7 40. Qd3 Kh6 41. Kf2 R1e4 42. Kf3 h4 43.
h3 g5 44. g3 hxg3 45. Qd6+ Kh5 46. Kxg3 Re3+ 47. Kf2 Re2+ 48. Kf1 Re1+ 49. Kf2 R7e2+ 50. Kg3 Rf1 0-1

[Event "FIDE WYCC 2016 U14 girls"]
[Site "Khanty Mansiysk"]
[Date "2016.09.24"]
[Round "3.4"]
[White "Dongo, Melanie"]
[Black "Zhu, Jiner"]
[Result "0-1"]
[ECO "B80"]
[WhiteElo "1981"]
[BlackElo "2024"]
[Annotator "Reinhold Goldau"]
[PlyCount "112"]
[EventDate "2016.09.??"]
[EventType "swiss"]
[EventRounds "11"]
[EventCountry "RUS"]
[SourceTitle "Youth Database"]
[Source "CBase R.Goldau"]
[SourceDate "2000.03.01"]
[TimeControl "40/5400+30:1800+30"]

1. e4 c5 2. Nf3 d6 3. d4 Nf6 4. Nc3 cxd4 5. Nxd4 a6 6. Be3 e6 7. f3 Be7 8. Qd2 O-O 9. O-O-O Nc6 10. g4 Nxd4 11. Bxd4 b5 12. g5 Nd7 13. h4 Qc7 14. Kb1 b4 15. Na4 Rb8 16. b3 Bb7 17. h5 d5 18.
Bd3 e5 19. Bf2 dxe4 20. fxe4 Bc6 21. Nb2 Nc5 22. Bxc5 Bxc5 23. g6 Bb5 24. gxh7+ Kxh7 25. Qg5 Qe7 26. Qf5+ Kh8 27. Bxb5 Rxb5 28. Rd7 Qf6 29. Nc4 Qxf5 30. exf5 e4 31. Ne5 Kg8 32. Ng4 Rb6 33. h6 Kh7 34. hxg7+ Kxg7 35. f6+ Rxf6 36. Nxf6 Kxf6 37. Rd5 Bf2 38. Kc1 e3 39. Kd1 Ke6 40. Rd3 f5 41. Rh6+ Ke5 42. Rdd6 f4 43. Rhe6+ Kf5 44. Ke2 Bh4 45. Rg6 Bf6 46. Rh6 Bg5 47. Rd5+ Kg4 48. Rg6 f3+ 49. Kd3 Rf5 50. Rxf5 Kxf5 51. Rxg5+ Kxg5 52. Kxe3 Kg4 53. Kf2 Kf4 54. Kf1 Ke3 55. Ke1 f2+ 56. Kf1 Kf3 0-1

[Event "FIDE WYCC 2016 U16 boys"]
[Site "Khanty Mansiysk"]
[Date "2016.09.22"]
[Round "1.1"]
[White "Maghsoodloo, Parham"]
[Black "Riess, Alexander"]
[Result "1-0"]
[ECO "D02"]
[WhiteElo "2566"]
[BlackElo "2227"]
[Annotator "Reinhold Goldau"]
[PlyCount "85"]
[EventDate "2016.09.??"]
[EventType "swiss"]
[EventRounds "11"]
[EventCountry "RUS"]
[SourceTitle "Youth Database"]
[Source "CBase R.Goldau"]
[SourceDate "2000.03.01"]
[TimeControl "40/5400+30:1800+30"]

1. d4 d5 2. Nf3 Nf6 3. Bf4 c5 4. e3 Nc6 5. c3 Qb6 6. Qb3 c4 7. Qc2 Bf5 8. Qc1 h6 9. Nbd2 e6 10. Be2 Be7 11. b3 cxb3 12. axb3 O-O 13. O-O Rfc8 14. Qb2 a6 15. Rfc1 Qd8 16. b4 Bd6 17. Bxd6 Qxd6 18. Nb3 Ne4 19. Nc5 Qc7 20. Nxe4 Bxe4 21. Nd2 Bg6 22. c4 Qb6 23. Ra4 dxc4 24. Nxc4 Qd8 25. Raa1 Rab8 26. b5 axb5 27. Qxb5 Ne7 28. Ne5 Be4 29. Bh5 g6 30. Bf3 Bxf3 31. Nxf3 Qd5 32. Qb4 Nc6 33. Qb6 Qd8 34. Qb5 Qd6 35. Rab1 Kg7 36. Nd2 Na7 37. Qb2 Rxc1+ 38. Rxc1 Kg8 39. Ne4 Qe7 40. d5 e5 41. d6 Qe6 42. Qb6 Rc8 43. Rd1 1-0

[Event "FIDE WYCC 2016 U16 boys"]
[Site "Khanty Mansiysk"]
[Date "2016.09.22"]
[Round "1.2"]
[White "Koziol, Kamil"]
[Black "Tabatabaei, M Amin"]
[Result "0-1"]
[ECO "E32"]
[WhiteElo "2212"]
[BlackElo "2493"]
[Annotator "Reinhold Goldau"]
[PlyCount "76"]
[EventDate "2016.09.??"]
[EventType "swiss"]
[EventRounds "11"]
[EventCountry "RUS"]
[SourceTitle "Youth Database"]
[Source "CBase R.Goldau"]
[SourceDate "2000.03.01"]
[TimeControl "40/5400+30:1800+30"]

1. d4 Nf6 2. c4 e6 3. Nc3 Bb4 4. Qc2 O-O 5. a3 Bxc3+ 6. Qxc3 b6 7. Bg5 Bb7 8. f3 d6 9. e4 c5 10. dxc5 bxc5 11. Bd3 Nc6 12. Be3 e5 13. Ne2 a5 14. b3 Nh5 15. O-O g5 16. Qd2 h6 17. h4 f6 18. Kf2 Nf4 19. Rh1 Kg7 20. Rh2 Rh8 21. Ng3 Ne7 22. Rah1 Qb6 23. hxg5 hxg5 24. Bxf4 gxf4 25. Nh5+ Kf7 26. Nxf4 Rxh2 27. Rxh2 exf4 28.
Rh7+ Ke6 29. Qxf4 Rg8 30. Ke3 Rg5 31. g4 Qxb3 32. Rh6 Qb2 33.
Rh1 Qd4+ 34. Ke2 Qb2+ 35. Ke3 Ba6 36. Rd1 Ng6 37. Qg3 Ne5 38.
Be2 Bxc4 {[%emt 0:00:00] Kd4} 0-1

[Event "FIDE WYCC 2016 U16 boys"]
[Site "Khanty Mansiysk"]
[Date "2016.09.22"]
[Round "1.3"]
[White "Martirosyan, Haik M"]
[Black "Tifferet, Shaked"]
[Result "1-0"]
[ECO "D70"]
[WhiteElo "2470"]
[BlackElo "2220"]
[Annotator "Reinhold Goldau"]
[PlyCount "77"]
[EventDate "2016.09.??"]
[EventType "swiss"]
[EventRounds "11"]
[EventCountry "RUS"]
[SourceTitle "Youth Database"]
[Source "CBase R.Goldau"]
[SourceDate "2000.03.01"]
[TimeControl "40/5400+30:1800+30"]

1. d4 Nf6 2. c4 g6 3. f3 d5 4. cxd5 c6 5. e4 cxd5 6. e5 Nfd7 7. Nc3 Nb6 8.
Bd3 Bg7 9. Nge2 O-O 10. O-O Nc6 11. h3 f6 12. f4 Be6 13. f5 Bxf5 14. Rxf5 gxf5 15. e6 Nc4 16. Bxf5 Nd6 17. Qd3 Nxf5 18. Qxf5 Qe8 19. Be3 Qg6 20. g4 Rfd8 21. Rf1 Kh8 22. Kh2 Rac8 23. h4 Ne5 24. dxe5 fxe5 25. Bg5 d4 26. Ne4 Rc2 27. Bd2 Rdc8 28. N2g3 Qh6 29. Kh3 Qg6 30. h5 Qxf5 31. Nxf5 Bf8 32. Bg5 Re2 33. Neg3 Rxb2 34. Nxe7 Bxe7 35. Bxe7 Kg8 36. Nf5 d3 37. Kh4 h6 38. Nxh6+ Kh8 39. Rf7 1-0

[Event "FIDE WYCC 2016 U16 boys"]
[Site "Khanty Mansiysk"]
[Date "2016.09.22"]
[Round "1.4"]
[White "Nguyen, Dang Hong Phuc"]
[Black "Moroni, Luca Jr"]
[Result "0-1"]
[ECO "E12"]
[WhiteElo "2209"]
[BlackElo "2459"]
[Annotator "Reinhold Goldau"]
[PlyCount "100"]
[EventDate "2016.09.??"]
[EventType "swiss"]
[EventRounds "11"]
[EventCountry "RUS"]
[SourceTitle "Youth Database"]
[Source "CBase R.Goldau"]
[SourceDate "2000.03.01"]
[TimeControl "40/5400+30:1800+30"]

1. d4 Nf6 2. Nf3 e6 3. c4 b6 4. a3 Ba6 5. Qc2 Bb7 6. Nc3 c5 7. dxc5 bxc5 8. Bg5 h6 9. Bh4 Be7 10. e3 O-O 11. Be2 d6 12. O-O Nh5 13.
Bxe7 Qxe7 14. Nd2 Nf6 15. Rfd1 Nc6 16. Rab1 Rfc8 17. h3 Rab8 18. Nb3 Ba8 19. Bf3 Nd7 20. Nd2 Nde5 21. Be2 Na5 22. Bf1 f5 23. f4 Nd7 24. b4 cxb4 25. axb4 Nc6 26. b5 Nd8 27. Qa2 Nc5 28. Nb3 Nf7 29. Nxc5 Rxc5 30. Ra1 Rc7 31. Qd2 g5 32. Bd3 gxf4 33. exf4 Qf6 34. Na4 Kh8 35. Rac1 Rg8 36. Bf1 Qh4 37. Rc3 e5 38. Qf2 Qxf4 39. Qxf4 exf4 40. c5 dxc5 41. Kh2 f3 42. gxf3 Ne5 43. Bg2 c4 44. Rd2 f4 45. b6 axb6 46. Nxb6 Bb7 47. Rd4 Rcg7 48. Bh1 Nd3 49. Rdxc4 Nf2 50. Rc7 Rg3 0-1

[Event "FIDE WYCC 2016 U16 boys"]
[Site "Khanty Mansiysk"]
[Date "2016.09.24"]
[Round "3.1"]
[White "Kevlishvili, Robby"]
[Black "Tabatabaei, M Amin"]
[Result "0-1"]
[ECO "B90"]
[WhiteElo "2402"]
[BlackElo "2493"]
[Annotator "Reinhold Goldau"]
[PlyCount "100"]
[EventDate "2016.09.??"]
[EventType "swiss"]
[EventRounds "11"]
[EventCountry "RUS"]
[SourceTitle "Youth Database"]
[Source "CBase R.Goldau"]
[SourceDate "2000.03.01"]
[TimeControl "40/5400+30:1800+30"]

1. e4 c5 2. Nf3 d6 3. d4 cxd4 4. Nxd4 Nf6 5. Nc3 a6 6. Be3 e5 7. Nb3 Be6 8. f3 Be7 9. Qd2 O-O 10. O-O-O Nbd7 11. g4 b5 12. g5 Nh5 13. Nd5 Bxd5 14. exd5 f5 15. h4 Ng3 16. Rg1 Nxf1 17. Rgxf1 a5 18. Kb1 b4 19. f4 a4 20. Nc1 Qa5 21. Nd3 a3 22. b3 Rab8 23.
Qe1 e4 24. Nc1 Bd8 25. Rd4 Bb6 26. Rxb4 Qxd5 27. Bxb6 Nxb6 28. Ne2 Rfc8 29. Qc1 Qc5 30. Rd4 Nc4 31. Ka1 Nb2 32. c4 d5 33. Rxd5 Qxd5 34. cxd5 Rxc1+ 35. Rxc1 Nd3 36. Rc4 Rd8 37. Rd4 Ne1 38. Kb1 Nf3 39. Rd1 Nxh4 40.
b4 Ng2 41. Rd4 Ne3 42. Nc3 Ng2 43. Ne2 Kf7 44. Kc1 h5 45. gxh6 gxh6 46. Ng3 Nxf4 47. Kc2 Kf6 48. Kb3 Ke5 49. Rd1 Rxd5 50. Rxd5+ Nxd5 0-1